 Dungeon Crawl Stone Soup version 0.18.1-8-gdd0e5ea (webtiles) character file.

487 M4edhros the Insei (level 7, -1/41 HPs)
             Began as an Octopode Necromancer on June 6, 2016.
             Slain by Purgy (3 damage)
             ... in a sewer.
             The game lasted 00:09:34 (1494 turns).

M4edhros the Insei (Octopode Necromancer)           Turns: 1494, Time: 00:09:35

Health: -1/41      AC:  1    Str:  9    XL:     7   Next: 13%
Magic:  2/10       EV: 12    Int: 17    God:
Gold:   95         SH:  0    Dex: 15    Spells: 3 memorised, 5 levels left

rFire  . . .     SeeInvis .     a - book of Necromancy
rCold  + . .     Gourm    .     (no shield)
rNeg   . . .     Faith    .     (helmet restricted)
rPois  .         Spirit   .     p - amulet of dismissal
rElec  .         Dismiss  +     n - ring of stealth
rCorr  .         Reflect  .     (no ring)
SustAt .         Harm     .     (no ring)
MR     .....                    (no ring)
Stlth  ++++......               (no ring)
                                (no ring)
                                (no ring)
                                (no ring)

@: exhausted, not resistant to hostile enchantments, stealthy
A: almost no armour, amphibious, 8 rings, constrict 8, antennae 1, camouflage 1,
cold resistance 1, strong 1, gelatinous body 1, evolution 1
a: no special abilities


You were in a sewer.
You were very hungry.

You visited 1 branch of the dungeon, and saw 5 of its levels.
You also visited: Sewer.

You collected 95 gold pieces.

Inventory:

Jewellery
 n - a ring of stealth (left tentacle)
 p - an amulet of dismissal (around mantle)
Scrolls
 g - 2 scrolls of identify
 j - 2 scrolls of recharging
 k - 2 scrolls of magic mapping
Books
 a - a book of Necromancy (in tentacle)

   Spells                             Type                      Level
   a - Pain                           Necromancy                   1
   b - Animate Skeleton               Necromancy                   1
   c - Vampiric Draining              Necromancy                   3
   d - Regeneration                   Charms/Necromancy            3
   e - Animate Dead                   Necromancy                   4
   f - Control Undead                 Necromancy                   4
Comestibles
 b - 2 bread rations
 c - a meat ration
 h - 6 chunks of flesh
 l - 2 fruits (quivered)


   Skills:
 - Level 2.0 Dodging
 - Level 2.6 Stealth
 + Level 7.1 Unarmed Combat
 - Level 2.0 Spellcasting
 - Level 4.0 Necromancy


You had 5 spell levels left.
You knew the following spells:

 Your Spells              Type           Power        Failure   Level  Hunger
a - Pain                  Necr           ###.         3%          1    #......
b - Animate Skeleton      Necr           N/A          3%          1    #......
r - Regeneration          Chrm/Necr      #.........   24%         3    ###....


Dungeon Overview and Level Annotations

Branches:
Dungeon (5/15)
 Temple: D:4-7

Altars:
Ashenzari
Elyvilon
Okawaru
Ru
Xom
Zin
The Shining One

Annotations:
Sewer Purgy


Innate Abilities, Weirdness & Mutations

You cannot wear most types of armour.
You are amphibious.
You can wear up to eight rings at the same time.
You can use your tentacles to constrict eight enemies at once.
Your skin changes colour to match your surroundings (Stealth).
Your rubbery body absorbs attacks (AC +1).
You have a pair of small antennae on your head.
Your flesh is cold resistant.
Your muscles are strong. (Str +2)
You evolve.


Message History

Purgy bites you.
* * * LOW HITPOINT WARNING * * *
Purgy completely misses you. Purgy misses you.
You closely miss Purgy.
You feel yourself speed up.
Your skin stops crawling.
You are starving!
Purgy bites you!
* * * LOW HITPOINT WARNING * * *
Purgy misses you.
Purgy closely misses you. x3; Purgy barely misses you.
You see here 12 gold pieces.
You aren't carrying any potions.
Read which item? (? for menu, Esc to quit)
Okay, then.
Eat one of 6 chunks of flesh? (ye/n/q/i?)
Okay, then.
Eat one of 6 chunks of flesh? (ye/n/q/i?) Eat which item? (? for menu, Esc to quit)
You are feeling very hungry.
Purgy misses you. Purgy claws you.
You die...

##.....## ##...##
##.## #.# #.# #.#
####### #.#
##.....## #.#
#......$#
######.####....T@)#
................)?#
###########.....$?#
#......$# ##.....##
#######


You could see Purgy.

Vanquished Creatures
  Grinder (D:5)
  A giant frog skeleton (D:5)
  2 orc priests (D:3)
  Natasha (D:3)
  A worker ant zombie (D:5)
  7 adders
  4 gnolls
  An ooze (D:1)
  An adder zombie (D:5)
  A worm (D:2)
  A dart slug (D:2)
  4 giant geckos
  6 orcs
  2 giant cockroaches (D:1)
  3 goblins
  2 hobgoblins
  4 kobolds
  A quokka (D:2)
  11 bats
  A giant newt (D:2)
  5 rats
60 creatures vanquished.

Vanquished Creatures (collateral kills)
  A gnoll (D:5)
  A ball python (D:1)
  A bat (D:2)
  A rat (D:2)
4 creatures vanquished.

Grand Total: 64 creatures vanquished

Notes
Turn   | Place    | Note
--------------------------------------------------------------
     0 | D:1      | M4edhros the Octopode Necromancer began the quest for the Orb.
     0 | D:1      | Reached XP level 1. HP: 11/11 MP: 3/3
    15 | D:1      | Learned a level 1 spell: Animate Skeleton
    34 | D:1      | Reached skill level 1 in Unarmed Combat
    58 | D:1      | Reached XP level 2. HP: 11/17 MP: 3/5
    74 | D:1      | Gained mutation: Your muscles are strong. (Str +2) [potion of mutation]
    74 | D:1      | Gained mutation: You evolve. [potion of mutation]
    74 | D:1      | Gained mutation: You have a pair of small antennae on your head. [potion of mutation]
   232 | D:2      | Reached skill level 2 in Unarmed Combat
   242 | D:2      | Reached XP level 3. HP: 11/21 MP: 6/6
   279 | D:2      | Found a white marble altar of Elyvilon.
   279 | D:2      | Found a glowing silver altar of Zin.
   279 | D:2      | Found a glowing golden altar of the Shining One.
   320 | D:2      | Found a shattered altar of Ashenzari.
   344 | D:2      | Learned a level 3 spell: Regeneration
   361 | D:3      | Found a sacrificial altar of Ru.
   384 | D:2      | Reached skill level 3 in Unarmed Combat
   485 | D:2      | Reached XP level 4. HP: 11/27 MP: 1/7
   570 | D:1      | Gained mutation: Your flesh is cold resistant. [evolution]
   807 | D:3      | Noticed Natasha
   811 | D:3      | Killed Natasha
   811 | D:3      | Reached skill level 4 in Unarmed Combat
   947 | D:3      | Reached XP level 5. HP: 17/31 MP: 4/8
   958 | D:3      | Reached skill level 5 in Unarmed Combat
  1003 | D:4      | Found an iron altar of Okawaru.
  1060 | D:4      | Found a shimmering altar of Xom.
  1061 | D:4      | Found a shimmering altar of Xom.
  1062 | D:4      | Found a shimmering altar of Xom.
  1062 | D:4      | Found a shimmering altar of Xom.
  1066 | D:4      | You fall through a shaft!
  1066 | D:5      | Entered Level 5 of the Dungeon
  1213 | D:5      | Reached XP level 6. HP: 36/36 MP: 5/9
  1258 | D:5      | Noticed Grinder
  1275 | D:5      | Killed Grinder
  1275 | D:5      | Reached skill level 6 in Unarmed Combat
  1287 | D:5      | Found a glowing drain.
  1293 | D:5      | Reached XP level 7. HP: 18/41 MP: 10/10
  1328 | D:5      | Reached skill level 7 in Unarmed Combat
  1374 | Sewer    | Entered a sewer
  1464 | Sewer    | Noticed Purgy
  1491 | Sewer    | HP: 2/41 [Purgy (7)]
  1494 | Sewer    | Slain by Purgy

Skill      XL: |  1  2  3  4  5  6  7 |
---------------+----------------------+-----
Unarmed Combat | 1 2 3 4 5 6 7 |  7.1
Dodging        | |  2.0
Stealth        | |  2.6
Spellcasting   | |  2.0
Necromancy     | |  4.0

Action                   |  1- 3 |  4- 6 |  7- 9 || total
-------------------------+-------+-------+-------++-------
Melee: Unarmed           |    49 |    74 |    21 ||   144
       Constrict         |    15 |    18 |     5 ||    38
       Tentacles         |    10 |    18 |     3 ||    31
       Punch             |       |     1 |     1 ||     2
 Cast: Animate Skeleton  |     8 |     5 |     6 ||    19
       Pain              |     4 |       |       ||     4
       Regeneration      |     5 |     5 |     9 ||    19
  Use: Potion            |     3 |     4 |     2 ||     9
       Scroll            |       |       |     6 ||     6
 Stab: Sleeping          |     3 |     6 |       ||     9
  Eat: Chunk             |       |     3 |     1 ||     4
       Fruit             |       |       |     1 ||     1
Armor: Skin              |     3 |     3 |     7 ||    13
Dodge: Dodged            |    36 |    25 |    55 ||   116
